 Dungeon Crawl Stone Soup version 0.14-a0-2162-g062a2ce (webtiles) character file.

84 4tharraofdagon the Firebug (level 3, -2/16 HPs)
             Began as a Vine Stalker Fire Elementalist on Jan 28, 2014.
             Slain by an orc
             ... wielding a +1,+1 orcish trident
              (8 damage)
             ... on Level 4 of the Dungeon.
             The game lasted 00:03:14 (454 turns).

4tharraofdagon the Firebug (VSFE)                    Turns: 454, Time: 00:03:14

HP  -2/16        AC  2     Str 10      XL: 3   Next: 89%
MP   0/7         EV 12     Int 16      God:
Gold 31          SH  0     Dex 14      Spells:  2 memorised,  3 levels left

rFire  . . .     SeeInvis .     f - +0,+2 hand axe
rCold  . . .     Clarity  .     a - +0 robe
rNeg   . . .     Conserve .     (no shield)
rPois  .         rCorr    .     (no helmet)
rElec  .         rRot     +     (no cloak)
SustAb . .       Spirit   +     (no gloves)
rMut   .         Warding  .     (no boots)
Saprov . . .     Stasis   .     i - amulet of rage
MR     .....                    (no ring)
                                j - ring of flight

@: very slightly contaminated, not resistant to hostile enchantments, fairly
stealthy
A: fangs 2, regeneration 1, magic shield, antimagic bite, no device heal
a: Evoke Berserk Rage, Evoke Flight


You were on level 4 of the Dungeon.
You were not hungry.

You visited 1 branch of the dungeon, and saw 4 of its levels.

You collected 31 gold pieces.

Inventory:

Hand weapons
 f - a +0,+2 hand axe (weapon)
Missiles
 d - 17 darts (quivered)
Armour
 a - a +0 robe (worn)
Comestibles
 c - 2 bread rations
 n - a meat ration
Scrolls
 h - a scroll of fear {unknown}
 l - a scroll of curse weapon {unknown}
 m - 2 scrolls of remove curse {unknown}
Jewellery
 i - an amulet of rage (around neck)
 j - a ring of flight (left hand)
Potions
 e - a potion of resistance {unknown}
 g - a potion of blood
 k - a potion of heal wounds {unknown}
Books
 b - a book of Flames

   Spells                             Type                      Level
   *Flame Tongue                      Conjuration/Fire             1
   Throw Flame                        Conjuration/Fire             2
   *Conjure Flame                     Conjuration/Fire             3
   Inner Flame                        Hexes/Fire                   3
   Sticky Flame                       Conjuration/Fire             4
   Fireball                           Conjuration/Fire             5


   Skills:
 - Level 1.5 Dodging
 - Level 2.4 Stealth
 + Level 2.5 Spellcasting
 * Level 2.1 Conjurations
 * Level 3.9 Fire Magic


You had 3 spell levels left.
You knew the following spells:

 Your Spells              Type           Power        Failure   Level  Hunger
a - Flame Tongue          Conj/Fire      ##...        8%          1    #......
b - Conjure Flame         Conj/Fire      ##......     17%         3    ###....


Dungeon Overview and Level Annotations

Branches:
Dungeon (4/16)
 Temple: D:4-7

Altars:
Trog


Innate Abilities, Weirdness & Mutations

You have extremely sharp teeth.
Your natural rate of healing is unusually fast.
When hurt, damage is shared between your health and your magic reserves.
Your bite disrupts and absorbs the magic of your enemies.
Potions and wands cannot restore your HP.


Message History

You see here a jackal corpse.
Casting: Flame Tongue
Confirm with . or Enter, or press ? or * to list all spells.
Aiming: Flame Tongue
Press: ? - help, Shift-Dir - straight line, f - orc, p - orc
Aim: an orc, wielding an orcish trident The flame misses the orc.
Casting: Flame Tongue
Confirm with . or Enter, or press ? or * to list all spells.
Aiming: Flame Tongue
Press: ? - help, Shift-Dir - straight line, f/p - orc
Aim: an orc, wielding an orcish trident You miscast Flame Tongue.
You are very lightly contaminated with residual magic.
Nothing appears to happen.
The orc hits you from afar with an orcish trident!
Unknown command.
The orc hits you from afar with an orcish trident!
Ouch! That really hurt!
You die...

#.#.#
#.#.#
#.#%#
#.#.#
#.#o#
#.#r#
#.#.#
#.#o#
#@#o#
#.#.###
#.o...#
#..<..#
#.....#
#.....#
#.....#
#.....#
#.....#


You could see an orc.

Vanquished Creatures
  3 adders (D:3)
  A giant mite (D:3)
  2 hobgoblins (D:3)
  2 jackals (D:4)
  A quokka (D:3)
  A ball python (D:1)
  3 bats
  A giant newt (D:1)
  3 goblins
  3 rats
  A rat skeleton (D:3)
21 creatures vanquished.

Notes
Turn   | Place    | Note
--------------------------------------------------------------
     0 | D:1      | 4tharraofdagon, the Vine Stalker Fire Elementalist, began the quest for the Orb.
     0 | D:1      | Reached XP level 1. HP: 9/9 MP: 3/3
   141 | D:3      | Reached XP level 2. HP: 13/13 MP: 0/5
   159 | D:3      | Reached XP level 3. HP: 16/16 MP: 0/7
   164 | D:3      | Learned a level 3 spell: Conjure Flame
   363 | D:3      | Found a bloodstained altar of Trog.
   454 | D:4      | Slain by an orc

Action                   || total
-------------------------++-------
Melee: Unarmed           ||     4
       Hand axe          ||    30
 Cast: Flame Tongue      ||    23
